 Dungeon Crawl Stone Soup version 0.29.0-4-gdea44cf6ec (webtiles) character file.

Game seed: 8436232343375561600

58 qw the Chopper (level 4, -3/26 HPs)
             Began as a Tengu Warper on Aug 28, 2022.
             Slain by Prince Ribbit (6 damage)
             ... on level 5 of the Dungeon.
             The game lasted 00:00:14 (2598 turns).

qw the Chopper (Tengu Warper)                       Turns: 2598, Time: 00:00:14

Health: -3/26      AC:  6    Str: 19    XL:     4   Next: 1%
Magic:  8/8        EV: 11    Int: 13    God:
Gold:   167        SH:  5    Dex: 14    Spells: 7/7 levels left

rFire   . . .      SeeInvis .   Y - +0 war axe
rCold   . . .      Faith    .   (no shield)
rNeg    . . .      Spirit   .   p - +0 ring mail
rPois   .          Reflect  +   (helmet restricted)
rElec   .          Harm     .   (no cloak)
rCorr   .          Rampage  .   k - +0 pair of gloves
Will    .....                   (boots unavailable)
Stlth   +.........              n - amulet of reflection
HPRegen 0.08/turn               m - +6 ring of strength
MPRegen 0.11/turn               (no ring)

@: no status effects
A: beak, talons 3
a: no special abilities


You were on level 5 of the Dungeon.
You visited 1 branch of the dungeon, and saw 5 of its levels.

You collected 167 gold pieces.


Innate Abilities, Weirdness & Mutations

You have a beak for a mouth.
You have claws for feet.


   Skills:
 - Level 2.0 Fighting
 + Level 4.6 Axes
 - Level 1.0 Throwing
 - Level 1.1 Armour
 - Level 2.1 Dodging
 - Level 2.0 Spellcasting
 - Level 2.4 Translocations


You had 7 spell levels left.
You didn't know any spells.
Your spell library contained the following spells:

 Spells                   Type           Power      Damage    Failure   Level
 Blink                    Tloc           14%        N/A       26%         2
 Gell's Gravitas          Tloc           7%         N/A       45%         3
 Lesser Beckoning         Tloc           7%         N/A       45%         3
 Teleport Other           Tloc           7%         N/A       45%         3
 Manifold Assault         Tloc           7%         N/A       99%         5

Inventory:

Hand Weapons
 f - a +0 whip
 Y - a +0 war axe (weapon)
Armour
 k - a +0 pair of gloves (worn)
 p - a +0 ring mail (worn)
Jewellery
 m - a +6 ring of strength (left hand)
 n - an amulet of reflection (around neck)
Scrolls
 c - a scroll of identify
 h - a scroll of teleportation
Potions
 a - a potion of cancellation {unknown}
 d - 3 potions of curing
 e - a potion of haste
 i - 2 potions of might
 j - a potion of magic {unknown}
 l - a potion of degeneration {unknown}
 o - a potion of lignification {unknown}
 q - a potion of heal wounds
 r - a potion of brilliance {unknown}

Dungeon Overview and Level Annotations

Branches:
Dungeon (6/15)
 Temple: D:4-7

Altars:

Annotations:
D:2 1 runed translucent door, Crazy Yiuf
D:5 Prince Ribbit


Message History

Found a stone staircase leading up.
Enter note:
c - 2 scrolls labelled PEAMEM SUICSEGG A sourceless malevolence fills the Dungeon...
You fall into a shaft and drop 3 floors!
The shaft crumbles and collapses.
Found a stone staircase leading up.
Existing waypoints: (1) D:2 (2) D:3 Assign waypoint to what number? (0-9, D - delete waypoint) Waypoint 1 re-assigned from D:2 to D:6.
2583 ||| READING scroll labelled ZOIKEROOSM.
As you read the scroll labelled ZOIKEROOSM, it crumbles to dust.
You assume a fearsome visage.
Nothing appears to happen.
It was a scroll of fear.
2584 ||| READING 2 scrolls labelled PEAMEM SUICSEGG.
As you read the scroll labelled PEAMEM SUICSEGG, it crumbles to dust.
It is a scroll of identify.
Really abort (and waste the scroll)?
(D) Dungeon
Where to? (* - list waypoints, Enter - D:3, ? - help)
What level of the Dungeon? (default 1, ? - help)
There is a stone staircase leading up here.
You climb upwards.
Prince Ribbit croaks.
Found a ring mail, 13 gold pieces and a scroll of identify.
There is a stone staircase leading down here.
Prince Ribbit is nearby!
Existing waypoints: (1) D:6 (2) D:3 Assign waypoint to what number? (0-9, D - delete waypoint) Waypoint 2 re-assigned from D:3 to D:5.
You barely miss Prince Ribbit. Your kick misses Prince Ribbit.
Prince Ribbit hits you! x2
You miss Prince Ribbit. Your kick misses Prince Ribbit.
Prince Ribbit blinks!
Prince Ribbit lets out a mournful croak.
You miss Prince Ribbit. Prince Ribbit hits you! Prince Ribbit hits you.
You die...

.. ##.####
. .......
.. #.....
.# .....##
..# .?..#
...#.
#.F#......
#.@.......
#.##....[$
#. ##.##
#. #. #.
##


You could see Prince Ribbit.

Vanquished Creatures
  A worm (D:2)
  A dart slug (D:2)
  4 endoplasms
  4 giant cockroaches
  3 goblins
  7 hobgoblins
  2 jackals (D:2)
  8 quokkas
  2 ball pythons
  A bat (D:1)
  4 frilled lizards
  3 kobolds
  5 rats
45 creatures vanquished.

Vanquished Creatures (others)
  6 plants (D:2)
6 creatures vanquished.

Grand Total: 51 creatures vanquished

Notes
Turn   | Place    | Note
-------+----------+-------------------------------------------
     0 | D:1      | qw the Tengu Warper began the quest for the Orb.
     0 | D:1      | Reached XP level 1. HP: 12/12 MP: 4/4
     0 | D:1      | 0 ||| qw: Version: 0.1-a-89-g26bdef1
     0 | D:1      | 0 ||| qw: Game counter: 1621
     0 | D:1      | 0 ||| qw: Always use a shield: true
     0 | D:1      | 0 ||| qw: God list: Okawaru
     0 | D:1      | 0 ||| qw: Allow faded altars: false
     0 | D:1      | 0 ||| qw: Do Orc after D:15 true
     0 | D:1      | 0 ||| qw: Do second Lair branch before Depths: true
     0 | D:1      | 0 ||| qw: Lair rune preference: random
     0 | D:1      | 0 ||| qw: Plans: Normal
     0 | D:1      | 0 ||| PLANNING D:1-11
   167 | D:1      | Reached XP level 2. HP: 17/17 MP: 6/6
   169 | D:1      | Reached skill level 3 in Axes
   313 | D:1      | Found a faded altar of an unknown god.
   510 | D:1      | 510 ||| Stepping ~*~*~tactically~*~*~ (stealth).
  1276 | D:1      | 1276 ||| UPGRADING to +0 ring mail.
  1286 | D:1      | 1286 ||| DROPPING +0 leather armour.
  1287 | D:1      | 1287 ||| UPGRADING to amulet of reflection.
  1292 | D:1      | 1292 ||| UPGRADING to +6 ring of strength.
  1293 | D:1      | 1293 ||| READING scroll labelled DOCWIT QUEPP.
  1294 | D:1      | 1294 ||| READING scroll labelled KASTIZXOIMP.
  1295 | D:1      | 1295 ||| READING 2 scrolls labelled YPNAKKEFFO.
  1298 | D:1      | 1298 ||| READING scroll labelled JOEROG VEFIG.
  1299 | D:1      | 1299 ||| READING scroll labelled DEOFAEJESO.
  1300 | D:1      | 1300 ||| DRINKING 2 clear potions.
  1301 | D:1      | 1301 ||| DRINKING 2 fizzy sapphire potions.
  1302 | D:1      | 1302 ||| DROPPING scroll of blinking.
  1389 | D:2      | Reached XP level 3. HP: 21/21 MP: 7/7
  1425 | D:2      | Found a runed translucent door.
  1426 | D:2      | Noticed Crazy Yiuf
  1527 | D:2      | 1527 ||| Stepping ~*~*~tactically~*~*~ (stealth).
  1540 | D:2      | 1540 ||| Stepping ~*~*~tactically~*~*~ (stealth).
  1593 | D:2      | 1593 ||| SWAPPING to +0 war axe.
  1594 | D:2      | 1594 ||| DROPPING +0 hand axe.
  1698 | D:2      | Reached skill level 4 in Axes
  1838 | D:2      | 1838 ||| Stepping ~*~*~tactically~*~*~ (stealth).
  1844 | D:2      | 1844 ||| Stepping ~*~*~tactically~*~*~ (stealth).
  1856 | D:2      | 1856 ||| Stepping ~*~*~tactically~*~*~ (hiding).
  2127 | D:2      | 2127 ||| Stepping ~*~*~tactically~*~*~ (stealth).
  2128 | D:2      | 2128 ||| Stepping ~*~*~tactically~*~*~ (stealth).
  2307 | D:2      | 2307 ||| UPGRADING to +0 pair of gloves.
  2312 | D:2      | 2312 ||| READING scroll labelled JUSCHE RAOVIMUV.
  2313 | D:2      | 2313 ||| READING scroll labelled CUFOYGAITU.
  2314 | D:2      | 2314 ||| DRINKING 4 sedimented yellow potions.
  2315 | D:2      | 2315 ||| DRINKING 2 glowing coppery potions.
  2375 | D:3      | 2375 ||| PLANNING SEWER
  2575 | D:3      | Reached XP level 4. HP: 26/26 MP: 8/8
  2582 | D:3      | You fall into a shaft and drop 3 floors!
  2583 | D:6      | 2583 ||| READING scroll labelled ZOIKEROOSM.
  2584 | D:6      | 2584 ||| READING 2 scrolls labelled PEAMEM SUICSEGG.
  2592 | D:5      | Entered Level 5 of the Dungeon
  2592 | D:5      | Noticed Prince Ribbit
  2598 | D:5      | HP: 3/26 [Prince Ribbit (9)]
  2598 | D:5      | Slain by Prince Ribbit

Levels and vault maps discovered:
D:1:      dpeg_arrival_orchard, layout_basic,
          ebering_ecumenical_altar_sacrificial, item_on_display_a
D:2:      wad_lake_hut, layout_loops_ring, uniq_crazy_yiuf_cottage
D:3:      layout_loops_cross, old_standard_altar, cheibrodos_sewer_entry_bend
D:5:      layout_basic, uniq_prince_ribbit1
D:6:      layout_rooms, mainiacjoe_overflow_brackets, led_xom_imps,
          elyvilon_altar_4, serial_shops, nicolae_shop_hallway_plus

Skill      XL: |  1  2  3 |
---------------+----------+-----
Axes           | 3 4 |  4.6
Fighting       | |  2.0
Throwing       | |  1.0
Armour         | |  1.1
Dodging        | |  2.1
Spellcasting   | |  2.0
Translocations | |  2.4

Action                   |  1- 3 |  4- 6 || total
-------------------------+-------+-------++-------
Melee: Hand axe          |    50 |       ||    50
       Kick              |    19 |       ||    19
       Peck              |    13 |       ||    13
       War axe           |    46 |     3 ||    49
Throw: Boomerang         |     7 |       ||     7
  Use: Scroll            |     7 |     2 ||     9
       Potion            |     4 |       ||     4
Armor: Leather armour    |     3 |       ||     3
       Ring mail         |     6 |       ||     6
Dodge: Dodged            |    41 |       ||    41
Block: Other             |    10 |       ||    10

Table legend:
 A = Non-vault XP
 B = Vault XP
 C = Vault XP percentage of total XP
 D = Non-vault monster count
 E = Vault monster count
 F = Vault count percentage of total count
                 A         B        C        D         E       F
            +---------+---------+-------+---------+---------+-------
      Total |      83 |       0 |   0.0 |      45 |       0 |   0.0
            +---------+---------+-------+---------+---------+-------
        D:1 |      31 |       0 |   0.0 |      18 |       0 |   0.0
        D:2 |      38 |       0 |   0.0 |      19 |       0 |   0.0
        D:3 |      14 |       0 |   0.0 |       8 |       0 |   0.0
            +---------+---------+-------+---------+---------+-------
